 Dungeon Crawl Stone Soup version 0.19-a0-1886-gd64a0f0 (webtiles) character file.

261 vev the Insei (level 6, -1/38 HPs)
             Began as a Tengu Abyssal Knight on Oct 16, 2016.
             Was a Believer of Lugonu.
             Slain by a wight
             ... wielding a cursed +0 long sword
              (5 damage)
             ... in an ossuary.
             The game lasted 00:07:29 (2990 turns).

vev the Insei (Tengu Abyssal Knight)                Turns: 2990, Time: 00:07:31

Health: -1/38      AC:  5    Str: 12    XL:     6   Next: 18%
Magic:  8/8        EV: 11    Int: 17    God:    Lugonu [**....]
Gold:   22         SH:  0    Dex: 15    Spells: 0 memorised, 5 levels left

rFire  . . .     SeeInvis +       - Unarmed
rCold  . . .     Gourm    .     s - +0 ring mail
rNeg   . . .     Faith    .     (no shield)
rPois  .         Spirit   .     (helmet restricted)
rElec  .         Dismiss  .     (no cloak)
rCorr  .         Reflect  .     (no gloves)
MR     .....     Harm     .     (boots unavailable)
Stlth  +.........               (no amulet)
                                p - ring of see invisible
                                l - +4 ring of intelligence

@: flying quickly and evasively, very heavily drained, quick
A: beak, talons 3, able to fly 1
a: Depart the Abyss, Bend Space, Renounce Religion


You were in an ossuary.
You worshipped Lugonu.
Lugonu was pleased with you.
You were very hungry.

You visited 1 branch of the dungeon, and saw 4 of its levels.
You visited the Abyss 1 time.
You also visited: Ossuary.

You collected 22 gold pieces.

Inventory:

Armour
 a - a +0 leather armour
 q - a +0 buckler
 s - a +0 ring mail (worn)
Jewellery
 l - a +4 ring of intelligence (left hand)
 m - an uncursed ring of fire
 p - a ring of see invisible (right hand)
Scrolls
 e - 4 scrolls of identify {unknown}
 g - 3 scrolls of teleportation {unknown}
 h - 2 scrolls of fear {unknown}
 i - 3 scrolls of remove curse {unknown}
 k - 2 scrolls of amnesia {unknown}
 r - a scroll of magic mapping {unknown}
 t - a scroll of random uselessness {unknown}
 u - a scroll of enchant armour {unknown}
 x - a scroll of fog {unknown}
Potions
 c - a potion of haste {unknown}
 f - a potion of degeneration {unknown}
 j - a potion of curing {unknown}
 n - a potion of heal wounds
 v - a potion of invisibility {unknown}
 w - 2 potions of cancellation {unknown}
Comestibles
 b - 2 bread rations
 o - a beef jerky


   Skills:
 + Level 3.7(0.5) Fighting
 + Level 3.1(0.0) Armour
 + Level 2.7(0.0) Dodging
 - Level 4.7(1.4) Unarmed Combat
 + Level 2.5(0.0) Invocations


You had 5 spell levels left.
You didn't know any spells.

Dungeon Overview and Level Annotations

Branches:
Dungeon (4/15)
 Temple: D:4-7

Altars:
Makhleb
Okawaru
Zin


Innate Abilities, Weirdness & Mutations

You have a beak for a mouth.
You have claws for feet.
You can fly.


Message History

You destroy the ball python skeleton!
Lugonu accepts your kill.
No target in view!
No target in view!
You reach down and open the door.
A wight comes into view. It is wielding a long sword.
You hit the wight but do no damage. You claw the wight, but do no damage.
You hit the wight.
The wight is lightly damaged.
The wight hits you with a long sword!
You feel drained.
You barely miss the wight. Your kick misses the wight.
The wight is lightly damaged.
The wight closely misses you.
You closely miss the wight. Your kick misses the wight.
You peck the wight, but do no damage.
The wight is lightly damaged.
The wight hits you with a long sword!
* * * LOW HITPOINT WARNING * * *
You feel drained.
You die...

##### ##...## ##.....##
#.##....#########
#.#......##.#.#.#
##.##......#'#'#'#+#+##
#..#.......')@z.......+
#.........)#'#'#'#'#+##
##........##.#.#.#.#
##......###########
###...## ##...# #..###
#.## ##.##


You could see a wight.

Vanquished Creatures
  2 wights (Ossuary)
  Natasha (thrice) (D:3)
  3 adders
  2 oozes
  A worm zombie (D:4)
  A worm (D:2)
  A dart slug (D:1)
  A leopard gecko (D:3)
  An orc (D:3)
  3 giant cockroaches
  6 goblins
  4 hobgoblins
  2 jackals (D:1)
  12 kobolds
  2 quokkas
  A ball python skeleton (Ossuary)
  8 bats
  5 frilled lizards
  A kobold zombie (Ossuary)
  An orc skeleton (Ossuary)
  An orc zombie (Ossuary)
  6 rats
  A rat zombie (D:4)
68 creatures vanquished.

Notes
Turn   | Place    | Note
-------+----------+-------------------------------------------
     0 | Abyss:1  | vev the Tengu Abyssal Knight began the quest for the Orb.
     0 | Abyss:1  | Reached XP level 1. HP: 14/14 MP: 3/3
    20 | D:1      | Escaped the Abyss
    58 | D:1      | Reached XP level 2. HP: 7/19 MP: 4/4
   721 | D:1      | Reached XP level 3. HP: 20/23 MP: 5/5
   966 | D:2      | Reached ** piety under Lugonu
  1004 | D:2      | Found an iron altar of Okawaru.
  1038 | D:2      | Found a faded altar of an unknown god.
  1047 | D:2      | Reached skill level 3 in Unarmed Combat
  1400 | D:2      | Found a burning altar of Makhleb.
  1857 | D:1      | Reached XP level 4. HP: 21/28 MP: 6/6
  1959 | D:2      | Found a glowing silver altar of Zin.
  1987 | D:2      | Reached skill level 2 in Dodging
  2426 | D:3      | Noticed Natasha
  2444 | D:3      | Killed Natasha
  2444 | D:3      | Reached skill level 4 in Unarmed Combat
  2444 | D:3      | Reached skill level 2 in Invocations
  2455 | D:3      | Gained mutation: You can fly. [Tengu growth]
  2455 | D:3      | Reached XP level 5. HP: 20/32 MP: 7/7
  2457 | D:3      | Noticed Natasha
  2469 | D:3      | Killed Natasha
  2487 | D:3      | Noticed Natasha
  2504 | D:3      | Killed Natasha
  2752 | D:4      | Found a sand-covered staircase.
  2770 | Ossuary  | Entered an ossuary
  2820 | Ossuary  | Reached skill level 3 in Armour
  2972 | Ossuary  | Reached XP level 6. HP: 24/38 MP: 6/8
  2990 | Ossuary  | Slain by a wight

Vault maps used:
D:1:      dpeg_arrival_pits, minivault_26
D:2:      zin_academy, lemuel_round_altar, marbit_many_paths,
          ecumenical_altar_1, minmay_tree_intersection,
          roderic_bipointed_swastika
D:3:      uniq_natasha
D:4:      cheibrodos_quashed, nicolae_overflow_crystal_walls, serial_shops,
          nicolae_shop_behind_doors, enter_ossuary_3
Ossuary:  ossuary_due_cavern

Skill      XL: |  1  2  3  4  5 |
---------------+----------------+-----
Unarmed Combat | 3 4 |  4.7
Dodging        | 2 |  2.7
Invocations    | 2 |  2.5
Armour         | 3 |  3.1
Fighting       | |  3.7

Action                   |  1- 3 |  4- 6 || total
-------------------------+-------+-------++-------
Melee: Unarmed           |   109 |   155 ||   264
       Peck              |    18 |    35 ||    53
       Kick              |    21 |    41 ||    62
       Punch             |     1 |     1 ||     2
 Abil: Fly               |       |     3 ||     3
  Use: Potion            |       |     3 ||     3
 Stab: Sleeping          |     1 |       ||     1
  Eat: Chunk             |     2 |     4 ||     6
Armor: Leather armour    |    37 |       ||    37
       Ring mail         |     1 |    38 ||    39
Dodge: Dodged            |    66 |    63 ||   129
